 Dungeon Crawl Stone Soup version 0.30-a0-1018-g25214051b3 (webtiles) character file.

Game seed: 16334168860636372473

116 Arcadio the Slasher (level 5, -4/27 (42) HPs)
             Began as a Barachi Reaver on Apr 7, 2023.
             Slain by a gnoll
             ... wielding a +0 halberd
              (9 damage)
             ... on level 3 of the Dungeon.
             The game lasted 00:17:59 (2702 turns).

Arcadio the Slasher (Barachi Reaver)                Turns: 2702, Time: 00:17:59

HP:   -4/27 (42)    AC:  5    Str: 21    XL:     5   Next: 0%
MP:   8/8           EV:  9    Int: 14    God:
Gold: 85            SH:  0    Dex: 10    Spells: 5/8 levels left

rFire   . . .      SeeInvis .    a - +0 falchion
rCold   . . .      Faith    .    (no shield)
rNeg    . . .      Spirit   .    b - +0 leather armour
rPois   .          Reflect  .    n - +0 helmet
rElec   .          Rampage  .    (no cloak)
rCorr   .                        f - +0 pair of gloves
Will    .....                    (no boots)
Stlth   +                        (no amulet)
HPRegen 0.24/turn                e - +6 ring of strength
MPRegen 0.11/turn                (no ring)

@: constricted, very heavily drained, slow
A: amphibious, slowness 1, strong legs 1, +LOS
a: Hop


You were on level 3 of the Dungeon.
You visited 1 branch of the dungeon, and saw 3 of its levels.

You collected 115 gold pieces.
You spent 30 gold pieces at shops.

Inventory:

Hand Weapons
 a - a +0 falchion (weapon)
 h - a +0 flail
 s - a +2 whip of venom
Armour
 b - a +0 leather armour (worn)
 c - a +0 scale mail
 f - a +0 pair of gloves (worn)
 n - a +0 helmet (worn)
Jewellery
 e - a +6 ring of strength (left hand)
Scrolls
 d - a scroll of magic mapping {unknown}
 j - a scroll of blinking {unknown}
 k - 3 scrolls of identify {unknown}
 m - a scroll of torment {unknown}
 o - a scroll of enchant weapon {unknown}
 p - a scroll of enchant armour {unknown}
 q - a scroll of silence {unknown}
Potions
 g - 2 potions of degeneration {unknown}
 l - a potion of curing
 r - a potion of magic {unknown}
 t - a potion of lignification {unknown}


   Skills:
 + Level 4.0 Fighting
 + Level 4.8 Long Blades
 + Level 3.5 Dodging
 - Level 2.1 Spellcasting
 - Level 3.2 Conjurations


You had 5 spell levels left.
You knew the following spells:

 Your Spells              Type           Power      Damage    Failure   Level
a - Kiss of Death         Conj/Necr      24%        2d7       14%         1
b - Momentum Strike       Conj/Tloc      12%        3d8       21%         2

Your spell library contained the following spells:

 Spells                   Type           Power      Damage    Failure   Level
 Blink                    Tloc           2%         N/A       38%         2
 Lesser Beckoning         Tloc           2%         N/A       38%         2
 Poisonous Vapours        Pois/Air       2%         N/A       38%         2
 Hailstorm                Conj/Ice       6%         3d4       38%         3
 Mephitic Cloud           Conj/Pois/Air  4%         N/A       45%         3
 Call Canine Familiar     Summ           1%         N/A       63%         3
 Gell's Gravitas          Tloc           1%         N/A       63%         3
 Portal Projectile        Hex/Tloc       2%         N/A       63%         3
 Teleport Other           Tloc           1%         N/A       63%         3
 Leda's Liquefaction      Hex/Erth       0%         N/A       95%         4
 Manifold Assault         Tloc           1%         N/A       95%         4
 Freezing Cloud           Conj/Ice/Air   2%         6-21      99%         5
 Dispersal                Tloc           0%         N/A       100%        6
 Storm Form               Tmut/Air       0%         N/A       100%        7


Dungeon Overview and Level Annotations

Branches:
Dungeon (3/15) Zot: 14905

Altars:

Shops:
D:1 *?((


Innate Abilities, Weirdness & Mutations

You are amphibious.
You cover ground slowly.
You can hop short distances.
You have an extended range of vision and can be seen from far away.


Message History

A gnoll comes into view. It is wielding a +0 spear.
You closely miss the gnoll. The gnoll barely misses you.
You hit the gnoll.
The gnoll is heavily wounded.
The gnoll barely misses you.
You hit the gnoll.
The gnoll is almost dead.
The gnoll hits you with a +0 club. x2
You hit the gnoll.
You kill the gnoll!
Your Fighting skill increases to level 4!
You hit the endoplasm.
The endoplasm is moderately wounded.
The endoplasm closely misses you.
The gnoll hits you from afar with a +0 halberd.
Okay, then.
Okay, then.
You slash the endoplasm!
You kill the endoplasm!
The gnoll barely misses you.
You have reached level 5!
The gnoll hits you from afar with a +0 halberd!
The gnoll closely misses you.
You closely miss the ball python.
The ball python completely misses you. x2
The ball python closely misses you. x2
You closely miss the ball python.
The ball python bites you but does no damage.
The ball python grabs you. The ball python constricts you.
You hit the ball python but do no damage.
The gnoll hits you from afar with a +0 halberd.
The ball python bites you but does no damage.
The ball python constricts you.
* * * LOW HITPOINT WARNING * * *
Hop to where?
Press: ? - help, Dir - move target The ball python's grasp on you weakens, but your attempt to escape fails.
The ball python bites you but does no damage.
The ball python constricts you.
The gnoll hits you from afar with a +0 halberd!
You die...

#########
........#
#######†#
#.######
#......##
#..###..##
#..#
##..###
#..#
##...#
#..# ###@#
#.## #S###
..# #Bg.#
..#
###.###
##.#
#...## #.#
###..##
##..##
##..###
##...#


You could see a gnoll, a giant cockroach and a ball python.

Vanquished Creatures
  Natasha (D:1)
  An adder (D:3)
  5 gnolls
  5 endoplasms
  A giant cockroach (D:1)
  3 hobgoblins
  8 kobolds
  4 ball pythons (D:1)
  2 bats (D:1)
  3 frilled lizards
  4 rats (D:1)
37 creatures vanquished.

Vanquished Creatures (others)
  2 plants (D:1)
2 creatures vanquished.

Grand Total: 39 creatures vanquished

Notes
Turn   | Place    | Note
-------+----------+-------------------------------------------
     0 | D:1      | Arcadio the Barachi Reaver began the quest for the Orb.
     0 | D:1      | Reached XP level 1. HP: 17/17 MP: 3/3
    37 | D:1      | Found Kyatuf's Magic Scroll Emporium.
    56 | D:1      | Found Yjuadghe's Weapon Emporium.
   199 | D:1      | Found Laafenn's Weapon Boutique.
   205 | D:1      | Reached XP level 2. HP: 22/23 MP: 5/5
   570 | D:1      | Found Terohosch's Assorted Antiques.
   757 | D:1      | Reached XP level 3. HP: 28/29 MP: 6/6
  1081 | D:2      | Noticed Natasha
  1206 | D:1      | HP: 1/29 [gnoll/+0 flail (4)]
  1362 | D:1      | HP: 1/21 [Natasha (3)]
  1363 | D:1      | Killed Natasha
  1364 | D:1      | Reached XP level 4. HP: 2/27 MP: 5/7
  1522 | D:1      | Bought a scroll of teleportation for 30 gold pieces
  2435 | D:2      | Learned a level 2 spell: Momentum Strike
  2562 | D:3      | Noticed a scorpion
  2687 | D:3      | Reached XP level 5. HP: 14/27 MP: 8/8
  2702 | D:3      | Slain by a gnoll

Illustrated notes

Levels and vault maps discovered:
D:1:      matt_arrival_refuge, layout_loops_ring, serial_shops, shop,
          nicolae_shop_overgrown_old_shop, nicolae_shop_advertising_works
          [nicolae_subvault_shop_adworks], nicolae_shop_bloodbath_and_beyond,
          kennysheep_pointless_box, lexackson_kobold_supper
D:2:      layout_rooms, uniq_natasha
D:3:      layout_rooms, mainiacjoe_overflow_catwalk

Skill      XL: |  1  2  3  4 |
---------------+-------------+-----
Long Blades    | 4 |  4.8
Fighting       | 3 4 |  4.0
Dodging        | 3 |  3.5
Spellcasting   | |  2.1
Conjurations   | |  3.2

Action                     |  1- 3 |  4- 6 || total
---------------------------+-------+-------++-------
  Melee: Falchion          |   107 |    40 ||   147
         Punch             |     2 |       ||     2
   Cast: Kiss of Death     |     3 |     2 ||     5
Ability: Hop               |       |     2 ||     2
    Use: Scroll            |       |     1 ||     1
         Potion            |       |     1 ||     1
 Armour: Leather armour    |    32 |     9 ||    41
  Dodge: Dodged            |    82 |    37 ||   119

Table legend: (Time is in decaauts)
 A = Elapsed time spent in this place.
 B = Non-inter-level travel time spent in this place.
 C = Inter-level travel time spent in this place.
 D = Time resting spent in this place.
 E = Time spent auto-exploring this place.
 F = Levels seen in this place.
 G = Mean time per level.
                   A        B        C        D        E       F      G
               +--------+--------+--------+--------+--------+-----+--------+
         Total |   3093 |   2940 |    153 |    496 |   1397 |   3 | 1031.0 |
       Dungeon |   3093 |   2940 |    153 |    496 |   1397 |   3 | 1031.0 |
               +--------+--------+--------+--------+--------+-----+--------+

Top non-repeatable levels by time:
     D:1: 2139 daAuts
     D:2: 714 daAuts
     D:3: 239 daAuts
